Map: Ruins of Seras

Players

sleepzerg

  • Race: Zerg Zerg
  • League: Bronze

wabbajack - Winner!

  • Race: Zerg Zerg
  • League: Gold

VOD

Have the link to the VOD?

Description

Time

  • Played on: July 21, 2015, 10:14 p.m.
  • Length: 6:27
Show
View Real Time Build Order
Export as new Build Order

sleepzerg Zerg 

Build Orders: Hatch First 

Get SALT Encoding   

  12  0:03  Drone  
  13  0:10  Drone  
  14  0:17  Overlord  
  14  0:25  Extractor  
  14  0:26  Drone  
  15  0:48  Hatchery  
  14  0:50  Drone  
  14  0:54  Drone  
  16  1:10  Spawning Pool  
  15  1:14  Drone  
  15  1:17  Drone  
  17  1:24  Overlord  
  17  1:35  Drone  
  17  1:39  Drone  
  19  1:51  Drone  
  20  1:57  Queen  
  20  2:00  Queen  
  25  2:01  Zergling x4  
  26  2:12  Drone x2  
  26  2:13  Extractor  
  27  2:19  Drone  
  27  2:22  Drone  
  29  2:41  Queen  
  29  2:42  Queen  
  29  2:43  Drone x2  
  29  2:44  Drone  
  36  2:46  Overlord  
  34  3:13  Drone x9  
  34  3:14  Drone  
  34  3:16  Overlord  
  44  3:25  Lair  
  44  3:31  Overlord  
  44  3:32  Overlord  
  44  3:43  Extractor  
  44  3:44  Extractor  
  44  3:45  Drone  
  44  3:46  Drone x5  
  48  4:00  Overlord x4  
  48  4:26  Zergling x2  
  48  4:27  Zergling x20  
  59  4:36  Hatchery  
  58  4:39  Extractor  
  58  4:44  Roach Warren  
  56  5:06  Drone x5  
  61  5:31  Roach  
  61  5:32  Roach x11  
  74  5:49  Roach x2  
  83  5:50  Roach x4  
  85  5:57  Roach  
  85  6:02  Roach  
  84  6:08  Roach  
Show
View Real Time Build Order
Export as new Build Order

wabbajack Zerg - Winner!

Build Orders: Hatch First 

Get SALT Encoding   

  12  0:01  Drone  
  13  0:12  Drone  
  14  0:17  Overlord  
  14  0:24  Drone, Extractor  
  14  0:28  Extractor  
  14  0:30  Drone  
  16  0:36  Drone  
  17  0:55  Hatchery  
  16  0:58  Drone  
  16  1:02  Drone  
  18  1:04  Extractor  
  18  1:07  Drone  
  18  1:21  Spawning Pool  
  18  1:23  Extractor  
  18  1:24  Drone  
  17  1:30  Drone  
  18  1:39  Drone  
  19  1:49  Drone  
  20  2:00  Overlord  
  20  2:14  Queen x2  
  24  2:16  Metabolic Boost  
  24  2:20  Drone  
  24  2:21  Drone  
  26  2:24  Drone  
  26  2:27  Drone  
  28  2:39  Roach Warren  
  27  2:46  Drone  
  27  2:47  Drone x2  
  30  2:51  Overlord  
  30  2:58  Overlord  
  30  3:17  Drone x2  
  31  3:23  Drone  
  32  3:29  Roach  
  32  3:30  Roach x3  
  32  3:33  Overlord  
  40  3:54  Overlord  
  40  4:04  Overlord  
  40  4:07  Roach  
  40  4:08  Roach x5  
  54  4:17  Roach x4  
  54  4:21  Overlord  
  60  4:25  Roach  
  60  4:26  Roach x3  
  68  4:42  Roach  
  68  4:43  Roach x2  
  68  4:45  Roach  
  76  4:51  Overlord x2  
  76  4:56  Overlord  
  76  5:12  Zergling x20  
  76  5:13  Zergling x2  
  87  5:24  Spine Crawler  
  87  5:25  Spine Crawler  
  87  5:26  Drone x2  
  87  5:43  Zergling x16  
  95  6:04  Overlord  
  94  6:09  Drone x5  
  87  6:19  Hatchery  
Tags
 
Add a new tag
Caveats
  • Supply blocks, unpowered buildings, or Contaminate may cause inaccurate times.
  • Supply counts are checked every 10 seconds.